AoeStats
← lhermite

Fortress

510176718Analyzed
4v4 RM · 3d ago on Sep 29, 2026· 40m 34s· 8 players
Game mode
Random Map
Map size
Huge
Population
200
Speed
Normal
Resources
Standard
Victory
Conquest
Starting age
Dark Age
Ending age
Imperial Age
RankedLock teamsTeams togetherTeam positionsShared explorationLock speedFull tech treeHidden civsTurbo modeCheats
Victory
Defeat
🇨🇦 Saracens · Canada
1152
+8
🇺🇸 Portuguese · United States
972
+15
🇺🇸 Teutons · United States
917
+17
🇨🇦 Varangians · Canada
828
+20
🇨🇳 Teutons · China
1008
-18
🇨🇳 Cumans · China
949
-15
🇨🇱 Mapuche · Chile
927
-14
🇹🇷 Burmese · Türkiye
903
-13
decayon
6:34 Feudal Age
7:00 Double-Bit Axe
6:55 Horse Collar
12:46 Castle Age
13:18 Town Watch
14:11 Bow Saw
14:08 Loom
14:58 Wheelbarrow
15:05 Forging
15:20 Scale Barding Armor
16:07 Gold Mining
20:06 Heavy Plow
22:41 Hand Cart
23:02 Bloodlines
24:10 Scale Mail Armor
29:16 Imperial Age
27:03 Stone Mining
29:15 Stone Shaft Mining
31:20 Chemistry
31:07 Chain Mail Armor
30:43 Fletching
31:04 Town Patrol
31:38 Ballistics
31:53 Crenellations
33:05 Hoardings
33:50 Bodkin Arrow
35:02 Siege Engineers
35:07 Masonry
35:05 Siege Engineers
36:06 Squires
35:52 Arson
39:42 Conscription
RagingRaja
8:32 Feudal Age
12:45 Castle Age
10:32 Horse Collar
10:38 Double-Bit Axe
13:51 Bow Saw
21:32 Imperial Age
21:27 Loom
23:37 Conscription
23:31 Forging
25:06 Chemistry
29:12 Two-Man Saw
28:13 Heavy Plow
28:17 Pikeman
29:14 Light Cavalry
30:05 Bloodlines
33:14 Elite Organ Gun
33:58 Scale Mail Armor
34:10 Halberdier
38:55 Husbandry
39:02 Scale Barding Armor
39:32 Iron Casting
lhermite
7:57 Loom
9:43 Feudal Age
15:02 Castle Age
13:38 Double-Bit Axe
13:34 Horse Collar
15:58 Wheelbarrow
22:04 Hand Cart
25:01 Bloodlines
24:56 Husbandry
27:42 Scale Barding Armor
27:48 Forging
30:26 Imperial Age
27:58 Light Cavalry
29:00 Chain Barding Armor
30:44 Elite Mameluke
32:03 Plate Barding Armor
30:51 Hussar
Krypp
8:22 Feudal Age
13:57 Castle Age
12:03 Double-Bit Axe
12:01 Horse Collar
12:15 Stone Mining
15:43 Bow Saw
18:33 Gold Mining
27:19 Imperial Age
26:30 Ballistics
26:09 Fletching
30:12 Bodkin Arrow
31:29 Chemistry
33:49 Caravan
34:07 Heavy Plow
36:46 Gothikon
39:22 Bracer
38:54 Elite Skirmisher
ChumaPrime
4:26 Loom
6:53 Feudal Age
7:39 Double-Bit Axe
7:39 Horse Collar
15:16 Castle Age
17:26 Wheelbarrow
17:16 Bow Saw
20:54 Heavy Plow
26:36 Imperial Age
25:04 Champi Runner
25:31 Arson
29:16 Chemistry
29:08 Elite Skirmisher
30:53 Forging
林北干林娘。
0:40 Loom
7:12 Feudal Age
7:51 Double-Bit Axe
7:50 Horse Collar
15:16 Castle Age
14:13 Padded Archer Armor
14:17 Scale Mail Armor
15:37 Padded Archer Armor
16:51 Bow Saw
16:42 Heavy Plow
25:02 Imperial Age
23:37 Forging
23:49 Gold Mining
25:24 Iron Casting
26:58 Two-Man Saw
27:52 Chemistry
27:41 Wheelbarrow
28:34 Crop Rotation
30:09 Town Watch
31:48 Chain Mail Armor
34:44 Crenellations
38:04 Gambesons
38:22 Squires
39:17 Hand Cart
40:04 Blast Furnace
39:34 Plate Mail Armor
41:27 Plate Mail Armor
lotus
7:36 Feudal Age
10:23 Horse Collar
13:14 Castle Age
12:10 Double-Bit Axe
22:30 Heavy Plow
23:22 Bow Saw
23:51 Wheelbarrow
23:03 Town Watch
23:03 Loom
27:27 Imperial Age
25:37 Steppe Husbandry
26:48 Hand Cart
26:34 Town Patrol
27:59 Fletching
28:10 Padded Archer Armor
28:21 Forging
28:17 Scale Barding Armor
28:13 Scale Mail Armor
27:36 Pikeman
28:16 Squires
28:02 Arson
29:12 Conscription
29:58 Bodkin Arrow
30:19 Leather Archer Armor
31:31 Chemistry
30:52 Ballistics
30:44 Masonry
31:20 Bloodlines
30:40 Elite Kipchak
31:26 Cavalier
31:32 Elite Steppe Lancer
34:54 Cuman Mercenaries
madman
5:57 Loom
8:44 Feudal Age
10:01 Horse Collar
13:16 Castle Age
11:47 Stone Mining
11:48 Gold Mining
13:29 Wheelbarrow
12:39 Town Watch
14:41 Heavy Plow
21:14 Hand Cart
26:33 Imperial Age
24:02 Treadmill Crane
24:32 Masonry
25:40 Forging
25:35 Scale Barding Armor
25:21 Fletching
26:01 Ballistics
25:37 Murder Holes
26:21 Bloodlines
26:11 Husbandry
27:32 Iron Casting
27:45 Conscription
28:01 Chain Barding Armor
28:08 Cavalier
30:00 Chemistry
29:39 Gold Shaft Mining
31:00 Blast Furnace
30:35 Plate Barding Armor
31:03 Plate Barding Armor
31:06 Caravan
33:00 Howdah
34:05 Town Patrol
34:42 Crop Rotation
34:46 Manipur Cavalry
34:50 Bodkin Arrow
35:30 Architecture
35:06 Siege Engineers
36:57 Fortified Wall
38:58 Bracer
Connection lost

Rejoining the realm…

Still unreachable

The connection could not be restored.

Session expired

The server has moved on; the page needs a fresh start.